 Dungeon Crawl Stone Soup version 0.20.0-8-g6b59dc7 (webtiles) character file.

198422 Naow the Executioner (level 17, -1/161 HPs)
             Began as a Minotaur Berserker on May 30, 2017.
             Was the Champion of Trog.
             Slain by a jumping spider (3 damage)
             ... on level 3 of the Spider Nest.
             The game lasted 01:13:02 (37447 turns).

Naow the Executioner (Minotaur Berserker)          Turns: 37447, Time: 01:13:03

Health: -1/161     AC: 17    Str: 29    XL:     17   Next: 81%
Magic:  16/16      EV: 20    Int:  7    God:    Trog [******]
Gold:   2988       SH:  0    Dex: 12    Spells: 16/16 levels left

rFire    . . .     SeeInvis .   J - +7 executioner's axe of Gloom {flame, +Blink rC+ Int+2 Stlth-}
rCold    + . .     Gourm    .   (shield currently unavailable)
rNeg     . . .     Faith    .   Z - +0 swamp dragon scales
rPois    +         Spirit   .   (helmet restricted)
rElec    .         Reflect  .   B - +0 cloak
rCorr    .         Harm     .   (no gloves)
MR       ++...                  y - +2 pair of boots {Fly}
Stlth    ..........             P - amulet of regeneration
Regen    0.0/turn               o - ring of protection from magic
MPRegen  0.2/turn               S - +3 ring of strength

@: lethally poisoned (-1 -> -48), berserk cooldown, flying, starving, slowed,
very slow
A: retaliatory headbutt, horns 2, blurry vision 1, inhibited regeneration
}: 1/15 runes: decaying
a: Berserk, Trog's Hand, Brothers in Arms, Burn Spellbooks, Renounce Religion,
Evoke Blink, Stop Flying


You were on level 3 of the Spider Nest.
You worshipped Trog.
Trog was exalted by your worship.
You were starving.

You visited 7 branches of the dungeon, and saw 32 of its levels.

You collected 3332 gold pieces.
You spent 344 gold pieces at shops.

Inventory:

Hand Weapons
 A - a +7 battleaxe of electrocution
 D - a +5 antimagic executioner's axe
 J - the +7 executioner's axe of Gloom (weapon) {flame, +Blink rC+ Int+2 Stlth-}
   (Trog gifted it to you on level 15 of the Dungeon)

   It has been specially enchanted to burn those struck by it, causing extra
   injury to most foes and up to half again as much damage against particularly
   susceptible opponents.
   Big, fiery blades are also staple armaments of hydra-hunters.
   It affects your intelligence (+2).
   It protects you from cold.
   It lets you blink.
   It makes you less stealthy.
 L - the +3 executioner's axe of Ries {elec, +Fly Str+6 Dex-3}
   (Trog gifted it to you on level 2 of the Swamp)

   Occasionally, upon striking a foe, it will discharge some electrical energy
   and cause terrible harm.
   It affects your strength (+6).
   It affects your dexterity (-3).
   It lets you fly.
Armour
 g - a +0 plate armour
 v - the +2 scale mail of the Pit {rC+ Str+2 Slay+3}
   (You found it on level 14 of the Dungeon)

   It affects your strength (+2).
   It affects your accuracy and damage with ranged weapons and melee attacks
   (+3).
   It protects you from cold.
 y - a +2 pair of boots of flying (worn)
 B - a +0 cloak (worn)
 H - a scarf of repulsion
 Z - +0 swamp dragon scales (worn)
Jewellery
 a - a cursed ring of protection from fire
 b - an uncursed amulet of harm {unknown}
 n - an uncursed ring of protection from fire
 o - a ring of protection from magic (left hand)
 t - an uncursed ring of resist corrosion
 P - an amulet of regeneration (around neck)
 S - a +3 ring of strength (right hand)
 T - an uncursed ring of positive energy
 X - an uncursed ring of see invisible
Wands
 c - a wand of scattershot (5/9)
 d - a wand of acid (5/15)
 u - a wand of iceblast (6/15)
 I - a wand of polymorph (21/24)
 Q - a wand of clouds (4/9)
Scrolls
 e - 3 scrolls of magic mapping
 m - 2 scrolls of enchant armour
 p - 5 scrolls of blinking
 q - 16 scrolls of teleportation
 r - 7 scrolls of remove curse
 G - 2 scrolls of recharging
 M - 8 scrolls of fog
 O - a scroll of summoning
 U - 14 scrolls of identify
Potions
 f - 2 potions of berserk rage
 i - a potion of heal wounds
 j - a potion of haste
 l - 4 potions of cancellation
 x - 3 potions of resistance
 z - 4 potions of curing
 C - 5 potions of agility
 F - a potion of invisibility
 K - 4 potions of might
 W - 2 potions of brilliance
Comestibles
 h - 6 bread rations
 k - 59 fruits
 w - 6 meat rations
 E - 25 royal jellies


   Skills:
 + Level 17.1 Fighting
 * Level 22.8 Axes
 + Level 16.7 Armour
 + Level 15.6 Dodging


You had 16 spell levels left.
You didn't know any spells.

Dungeon Overview and Level Annotations

Branches:
Dungeon (15/15)            Temple (0/1) D:6            Lair (6/6) D:8
  Swamp (4/4) Lair:3       Spider (3/4) Lair:3        Slime (1/5) Lair:5
    Orc (2/2) D:12            Elf (0/3) Orc:2        Vaults (0/5) D:14
 Depths (1/5) D:15

Altars:
Dithmenos
Hepliaklqana
Nemelex Xobeh
Okawaru
Sif Muna
Xom
Beogh
Jiyva

Shops:
D:9 ?}*   D:14 [%   Orc:2 }?%:

Portals:
Trove: D:11 (give 8 potions of agility)

Annotations:
Lair:6 exclusion: 4 oklob plants


Innate Abilities, Weirdness & Mutations

You reflexively headbutt those who attack you in melee.
You have a pair of horns on your head.
Scrolls take you a little longer to read.
You do not regenerate when monsters are visible.


Message History

[Y]es or [N]o only, please.
Really read with blurry vision while enemies are nearby? [Y]es or [N]o only, please.
Really read with blurry vision while enemies are nearby?
Your skin stops crawling.
You feel less resistant to hostile enchantments.
* * * LOW HITPOINT WARNING * * *
You feel very sick.
The jumping spider leaps!
You begin reading the scroll.
You continue reading the scroll.
* * * LOW HITPOINT WARNING * * *
You feel very sick.
The emperor scorpion completely misses you.
You furiously retaliate!
You headbutt the emperor scorpion, but do no damage.
The emperor scorpion misses you. The emperor scorpion claws you.
* * * LOW HITPOINT WARNING * * *
The jumping spider completely misses you.
The jumping spider bites you.
You die...

...........
.........................
.........................
.........................
...................#..^..
........s................
....>....#..§............
......§†...^...........#.
.......s@................
...$...^s........#.....[.
.........†........<..>..#
........................#
..........(.†......#....#
.............?....^.....#
.#........?..........#..#
#........#.............#
##.#..................#


You could see an emperor scorpion, an orb spider and a jumping spider.

Vanquished Creatures
  Arachne (Spider:2)
  Roxanne (D:15)
  3 thorn hunters (Swamp:4)
  Kirke (Swamp:3)
  An emperor scorpion (Spider:3)
  A ghost moth (Spider:3)
  2 juggernaut zombies (D:15)
  3 entropy weavers
  Nessos (D:12)
  A spark wasp (Spider:2)
  29 hydras
  A great orb of eyes (Slime:1)
  Fannar (Lair:2)
  The ghost of newuser the Fighter, a journeyman MfGl of Hepliaklqana (D:9)
  A ghost crab (Swamp:4)
  2 vault guards (D:14)
  A catoblepas (Lair:6)
  A centaur warrior (D:15)
  A deep troll shaman (Lair:6)
  12 two-headed ogres
  15 alligators
  5 orc high priests (Orc:2)
  An ogre mage (D:12)
  A spriggan berserker (Swamp:4)
  8 spriggans
  9 death yaks (Lair:6)
  A vampire mage (D:14)
  Urug (D:12)
  A skeletal warrior (D:15)
  A spriggan druid (Swamp:2)
  8 swamp dragons (Swamp:4)
  2 shambling mangroves
  2 wizards (D:14)
  8 wolf spiders
  Pikel (D:3)
  An orc knight (Orc:2)
  A lindwurm (Lair:6)
  2 orc sorcerers (Orc:2)
  5 orb spiders
  An oklob plant (Lair:1)
  A deep elf mage (D:13)
  4 necromancers
  2 manticores
  15 ugly things
  A moth of wrath (Spider:2)
  2 black mambas
  3 cyclopes
  Maurice (D:9)
  3 centaur zombies
  5 elephants
  28 spiny frogs
  5 demonic crawlers
  4 rime drakes
  11 komodo dragons
  A komodo dragon (shapeshifter) (Depths:1)
  5 trolls
  16 hornets
  2 polar bears
  17 jumping spiders
  A queen bee (Lair:1)
  38 slime creatures
  13 bog bodies
  6 dream sheep (Lair:6)
  An ettin zombie (D:15)
  8 tyrant leeches
  22 blink frogs
  7 hippogriffs
  4 shadows
  A redback (shapeshifter) (D:15)
  47 redbacks
  2 wraiths
  Sigmund (D:4)
  15 tarantellas
  A wyvern (Lair:4)
  A water elemental (Depths:1)
  A vampire (D:14)
  Eustachio (D:6)
  6 basilisks
  51 yaks
  A hungry ghost (D:10)
  18 humans (D:14)
  7 hogs (Swamp:3)
  22 vampire mosquitoes
  Menkaure (D:4)
  9 insubstantial wisps
  A warg (Orc:2)
  20 swamp worms
  3 acid dragons
  2 soldier ants
  3 porcupines (Lair:1)
  15 water moccasins
  13 swamp drakes
  22 orc warriors
  An eye of draining (D:15)
  5 ice beasts
  11 ogres
  A black bear (Lair:6)
  2 sky beasts
  3 slaves (D:4)
  4 phantoms
  A boggart (Depths:1)
  15 centaurs
  49 wolves
  21 crocodiles
  17 bullfrogs
  A gnoll sergeant (D:9)
  5 scorpions
  A wyvern skeleton (D:13)
  19 killer bees (Lair:1)
  9 wights
  An electric eel (Spider:2)
  3 howler monkeys (D:8)
  6 crimson imps
  2 bullfrog skeletons
  5 hounds
  10 jellies
  29 orc priests
  6 centaur skeletons
  Natasha (twice) (D:4)
  5 iguanas
  33 orc wizards
  13 worker ants
  A hound zombie (D:8)
  2 worker ant zombies
  10 gnolls
  10 adders
  2 shadow imps
  13 oozes
  An adder skeleton (D:7)
  2 worms
  5 dart slugs
  9 leopard geckos
  114 orcs
  2 ball pythons
  8 bats
  7 giant cockroaches
  7 hobgoblins
  14 jackals
  3 quokkas
  2 frilled lizards
  8 goblins
  7 kobolds
  A quokka skeleton (D:6)
  8 rats
  5 briar patches (Swamp:4)
  8 fungi
  3 plants
  A withered plant (D:15)
1162 creatures vanquished.

Vanquished Creatures (collateral kills)
  A guardian mummy (D:14)
1 creature vanquished.

Vanquished Creatures (others)
  A tengu skeleton (D:15)
  An orc priest (Orc:2)
  Natasha (D:4)
  A giant cockroach (D:4)
  2 briar patches (Swamp:4)
  25 fungi
  14 plants
45 creatures vanquished.

Grand Total: 1208 creatures vanquished

Notes
Turn   | Place    | Note
-------+----------+-------------------------------------------
     0 | D:1      | Naow the Minotaur Berserker began the quest for the Orb.
     0 | D:1      | Reached XP level 1. HP: 19/19 MP: 0/0
   213 | D:1      | Reached skill level 4 in Axes
   255 | D:1      | Reached XP level 2. HP: 18/26 MP: 1/1
   533 | D:1      | Reached skill level 5 in Axes
   625 | D:1      | Reached ** piety under Trog
   629 | D:1      | Reached XP level 3. HP: 27/31 MP: 2/2
  1599 | D:2      | Reached XP level 4. HP: 39/39 MP: 3/3
  1688 | D:2      | Reached skill level 6 in Axes
  2007 | D:3      | Reached *** piety under Trog
  2377 | D:3      | Reached XP level 5. HP: 40/45 MP: 4/4
  2952 | D:4      | Reached skill level 7 in Axes
  3021 | D:4      | Noticed Natasha
  3026 | D:4      | Killed Natasha
  3245 | D:4      | Noticed Sigmund
  3253 | D:4      | Killed Sigmund
  3253 | D:4      | Reached XP level 6. HP: 52/52 MP: 5/5
  3584 | D:4      | Reached skill level 8 in Axes
  3758 | D:4      | Noticed a slave
  3759 | D:4      | Noticed Pikel
  3760 | D:4      | Noticed a slave
  3761 | D:4      | Noticed a slave
  3761 | D:4      | Noticed a slave
  3786 | D:3      | Killed Pikel
  3786 | D:3      | Reached skill level 5 in Fighting
  3786 | D:3      | Reached skill level 9 in Axes
  3786 | D:3      | Reached XP level 7. HP: 61/61 MP: 6/6
  3838 | D:4      | Noticed Natasha
  3848 | D:4      | Reached XP level 8. HP: 69/69 MP: 7/7
  3852 | D:4      | Killed Natasha
  3881 | D:4      | Killed Natasha
  3985 | D:4      | Noticed Menkaure
  3993 | D:4      | Killed Menkaure
  3993 | D:4      | Reached skill level 5 in Armour
  4255 | D:4      | Found a shadowy altar of Dithmenos.
  4532 | D:5      | Entered Level 5 of the Dungeon
  4661 | D:5      | Reached skill level 5 in Dodging
  5015 | D:5      | Reached skill level 10 in Axes
  5057 | D:5      | Reached **** piety under Trog
  5278 | D:5      | Got a twisted dagger
  5322 | D:5      | Identified the cursed +1 dagger of the Doomed Warrior {flame, Int+4 Dex+7} (You found it on level 5 of the Dungeon)
  5818 | D:6      | Reached XP level 9. HP: 77/78 MP: 8/8
  5877 | D:6      | Found a staircase to the Ecumenical Temple.
  6353 | D:6      | Noticed Eustachio
  6363 | D:6      | Killed Eustachio
  6422 | D:6      | Found a shadowy altar of Dithmenos.
  6695 | D:7      | Reached skill level 11 in Axes
  7095 | D:7      | Reached ***** piety under Trog
  7357 | D:8      | Found a staircase to the Lair.
  7357 | D:8      | Noticed an elephant
  7378 | D:8      | Killed an elephant
  7403 | D:8      | Reached skill level 12 in Axes
  7663 | D:8      | Reached XP level 10. HP: 87/88 MP: 9/9
  7729 | D:8      | Found a hazy altar of Hepliaklqana.
  8078 | D:9      | Found Taco's Magic Scroll Shop.
  8099 | D:9      | Noticed Maurice
  8117 | D:9      | Killed Maurice
  8236 | D:9      | Noticed a two-headed ogre
  8249 | D:9      | Killed a two-headed ogre
  8604 | D:9      | Noticed newuser's ghost (journeyman MfGl)
  8640 | D:9      | Killed newuser's ghost
  8640 | D:9      | Reached skill level 13 in Axes
  8832 | D:9      | Found Oreolar's Assorted Antiques.
  8878 | D:9      | Found an iron altar of Okawaru.
  8881 | D:9      | Found a shimmering altar of Xom.
  8884 | D:9      | Found a deep blue altar of Sif Muna.
  8927 | D:9      | Found Hyf Gyon's Gadget Shoppe.
  9090 | D:10     | Entered Level 10 of the Dungeon
  9422 | D:10     | Noticed a two-headed ogre
  9430 | D:10     | Killed a two-headed ogre
  9498 | D:10     | Reached XP level 11. HP: 97/97 MP: 10/10
  9678 | D:10     | Paralysed by a hornet for 3 turns
 10342 | D:11     | Received a gift from Trog
 10385 | D:11     | Noticed a two-headed ogre
 10394 | D:11     | Killed a two-headed ogre
 10394 | D:11     | Reached skill level 14 in Axes
 10502 | D:11     | Reached skill level 10 in Fighting
 10665 | D:11     | Found a portal to a secret trove of treasure.
 10964 | D:11     | Noticed a six-headed hydra
 10973 | D:11     | Killed a seven-headed hydra
 10973 | D:11     | Reached skill level 10 in Armour
 11177 | D:12     | Noticed a four-headed hydra
 11278 | D:12     | Killed a six-headed hydra
 11278 | D:12     | Reached skill level 15 in Axes
 11322 | D:12     | Noticed a two-headed ogre
 11324 | D:12     | Noticed an ogre mage
 11324 | D:12     | Noticed a two-headed ogre
 11351 | D:11     | Killed a two-headed ogre
 11351 | D:11     | Reached XP level 12. HP: 70/108 MP: 11/11
 11454 | Lair:1   | Entered Level 1 of the Lair of Beasts
 11678 | Lair:1   | Noticed a four-headed hydra
 11685 | Lair:1   | Killed an eight-headed hydra
 11685 | Lair:1   | Received a gift from Trog
 11866 | Lair:1   | Noticed a four-headed hydra
 11873 | Lair:1   | Killed a seven-headed hydra
 12021 | Lair:1   | Received a gift from Trog
 12024 | Lair:1   | Reached ****** piety under Trog
 12027 | Lair:1   | Reached skill level 10 in Dodging
 12808 | Lair:2   | Reached skill level 16 in Axes
 12921 | Lair:2   | Noticed a four-headed hydra
 12928 | Lair:2   | Killed a seven-headed hydra
 13086 | Lair:2   | Noticed Fannar
 13096 | Lair:2   | Killed Fannar
 13606 | Lair:2   | Noticed a seven-headed hydra
 13612 | Lair:2   | Killed a ten-headed hydra
 13746 | Lair:3   | Found a staircase to the Swamp.
 13946 | Lair:3   | Received a gift from Trog
 13946 | Lair:3   | Reached XP level 13. HP: 115/118 MP: 12/12
 13952 | Lair:3   | Found a hole to the Spider Nest.
 14928 | Lair:4   | Reached skill level 17 in Axes
 16060 | Lair:5   | Received a gift from Trog
 16407 | Lair:5   | Found a viscous altar of Jiyva.
 16407 | Lair:5   | Found a staircase to the Slime Pits.
 17035 | Slime:1  | Entered Level 1 of the Pits of Slime
 17053 | Lair:6   | Entered Level 6 of the Lair of Beasts
 17081 | Lair:6   | Reached skill level 18 in Axes
 17081 | Lair:6   | Reached XP level 14. HP: 129/129 MP: 4/13
 17656 | Lair:6   | Received a gift from Trog
 18926 | D:12     | Noticed Nessos
 18936 | D:12     | Killed Nessos
 19145 | D:12     | Reached skill level 19 in Axes
 19475 | D:12     | Found a staircase to the Orcish Mines.
 19478 | D:12     | Received a gift from Trog
 19641 | D:12     | Noticed Urug
 19656 | D:12     | Killed Urug
 20232 | D:13     | Found a sparkling altar of Nemelex Xobeh.
 21195 | D:14     | Reached XP level 15. HP: 128/138 MP: 4/14
 21232 | D:14     | Found Tuddulet's Food Shoppe.
 21407 | D:14     | Got a translucent scale mail
 21579 | D:14     | Found a gate to the Vaults.
 21802 | D:14     | Found Voruse's Jewellery Shoppe.
 21922 | D:14     | Found Ikhoguok's Antique Armour Boutique.
 21927 | D:14     | Bought an embroidered scarf for 344 gold pieces
 21937 | D:14     | Identified the +2 scale mail of the Pit {rC+ Str+2 Slay+3} (You found it on level 14 of the Dungeon)
 21993 | D:15     | Entered Level 15 of the Dungeon
 22290 | D:15     | Received a gift from Trog
 22293 | D:15     | Got a translucent executioner's axe {god gift}
 22353 | D:14     | Identified the +7 executioner's axe of Gloom {flame, +Blink rC+ Int+2 Stlth-} (Trog gifted it to you on level 15 of the Dungeon)
 22478 | D:15     | Found a staircase to the Depths.
 22675 | D:15     | Reached skill level 20 in Axes
 22979 | D:15     | Noticed Roxanne
 22985 | D:15     | Killed Roxanne
 22986 | D:15     | Identified Roxanne's Compendium of the Mountains (You took it off Roxanne on level 15 of the Dungeon)
 23209 | Depths:1 | Entered Level 1 of the Depths
 23213 | Depths:1 | Noticed a fire giant
 23324 | Orc:1    | Entered Level 1 of the Orcish Mines
 23368 | Orc:2    | Entered Level 2 of the Orcish Mines
 23438 | Orc:2    | Found a roughly hewn altar of Beogh.
 23485 | Orc:2    | Reached skill level 15 in Fighting
 23511 | Orc:2    | Gained mutation: You do not regenerate when monsters are visible. [a neqoxec]
 23986 | Orc:2    | Found Rise's Book Emporium.
 23986 | Orc:2    | Found Huqiguc's Food Emporium.
 23987 | Orc:2    | Found Ohirph's Gadget Shoppe.
 23990 | Orc:2    | Found Hiruekk's Magic Scroll Shoppe.
 24159 | Orc:2    | Received a gift from Trog
 24441 | Orc:2    | Found a staircase to the Elven Halls.
 25290 | Swamp:1  | Entered Level 1 of the Swamp
 25611 | Swamp:1  | Reached XP level 16. HP: 130/149 MP: 15/15
 26515 | Swamp:1  | Reached skill level 15 in Armour
 26604 | Swamp:1  | Received a gift from Trog
 29307 | Swamp:1  | Got a distressingly furry scale mail
 29322 | Swamp:1  | Identified the +3 scale mail "Illetib" {-Tele rF+ MR+ Int+4} (You found it on level 1 of the Swamp)
 29586 | Swamp:2  | Reached skill level 21 in Axes
 31503 | Swamp:2  | Received a gift from Trog
 31547 | Swamp:2  | Got a crude executioner's axe {god gift}
 31548 | Swamp:2  | Identified the +3 executioner's axe of Ries {elec, +Fly Str+6 Dex-3} (Trog gifted it to you on level 2 of the Swamp)
 31576 | Swamp:2  | Gained mutation: Scrolls take you a little longer to read. [mutagenic glow]
 32332 | Swamp:2  | HP: 5/151 [tyrant leech (23)]
 32678 | Swamp:3  | Noticed Kirke
 32696 | Swamp:3  | Killed Kirke
 33307 | Swamp:4  | Entered Level 4 of the Swamp
 33307 | Swamp:4  | Noticed a thorn hunter
 33315 | Swamp:4  | Killed a thorn hunter
 33486 | Swamp:4  | Received a gift from Trog
 33929 | Swamp:4  | Noticed a thorn hunter
 33941 | Swamp:4  | Killed a thorn hunter
 33941 | Swamp:4  | Reached XP level 17. HP: 111/159 MP: 16/16
 33949 | Swamp:4  | Reached skill level 22 in Axes
 34283 | Swamp:4  | Reached skill level 15 in Dodging
 34415 | Swamp:4  | HP: 8/238 [spriggan berserker/hand axe (34)]
 34420 | Swamp:4  | HP: 10/240 [swamp dragon (1)]
 35068 | Swamp:4  | Got a decaying rune of Zot
 35203 | Spider:1 | Entered Level 1 of the Spider Nest
 35461 | Spider:1 | Received a gift from Trog
 36104 | Spider:1 | You are sucked into a shaft!
 36356 | Spider:2 | Noticed Arachne
 36367 | Spider:2 | Killed Arachne
 36547 | Spider:2 | Received a gift from Trog
 37447 | Spider:3 | HP: 6/161 [poisoned by an emperor scorpion]
 37447 | Spider:3 | HP: 2/161 [emperor scorpion (4)]
 37447 | Spider:3 | Slain by a jumping spider

Skill      XL: |  1  2  3  4  5  6  7  8  9 10 11 12 13 14 15 16 17 |
---------------+----------------------------------------------------+-----
Axes           | 4 5 6 7 9 10 12 13 15 16 18 19 20 21 22 | 22.8
Armour         | 3 4 6 7 9 10 11 12 13 14 15 16 | 16.7
Fighting       | 4 5 6 8 9 10 12 13 14 15 16 17 | 17.1
Dodging        | 3 4 5 7 8 9 10 12 13 14 15 | 15.6

Action                   |  1- 3 |  4- 6 |  7- 9 | 10-12 | 13-15 | 16-18 || total
-------------------------+-------+-------+-------+-------+-------+-------++-------
Melee: Hand axe          |    97 |    99 |    82 |       |       |       ||   278
       Headbutt          |    12 |    22 |    63 |   116 |   222 |   135 ||   570
       Dagger            |       |       |    45 |       |       |       ||    45
       War axe           |       |       |   128 |   244 |       |       ||   372
       Battleaxe         |       |       |       |   294 |   704 |       ||   998
       Executioner's axe |       |       |       |       |   189 |   621 ||   810
Invok: Berserk           |     1 |     4 |     5 |    10 |    19 |     7 ||    46
       Trog's Hand       |       |       |     1 |     5 |     6 |     6 ||    18
       Burn Spellbooks   |       |       |       |     1 |     3 |     2 ||     6
       Brothers in Arms  |       |       |       |       |     1 |       ||     1
Evoke: Wand              |       |       |       |       |     1 |       ||     1
  Use: Scroll            |       |       |     9 |    12 |     8 |     3 ||    32
       Potion            |       |       |       |       |     1 |    10 ||    11
 Stab: Petrified         |       |       |       |       |     3 |       ||     3
       Petrifying        |       |       |       |       |     1 |       ||     1
  Eat: Chunk             |     2 |    10 |    15 |    21 |    51 |    22 ||   121
       Royal jelly       |       |       |     2 |       |       |       ||     2
       Meat ration       |       |       |       |     3 |     1 |     4 ||     8
       Fruit             |       |       |       |       |     1 |     2 ||     3
Armor: Animal skin       |    16 |    10 |       |       |       |       ||    26
       Ring mail         |       |     5 |    49 |       |       |       ||    54
       Plate armour      |       |       |    33 |   260 |   303 |       ||   596
       Scale mail        |       |       |       |       |    79 |   134 ||   213
       Swamp dragon scal |       |       |       |       |       |   140 ||   140
Dodge: Dodged            |    75 |    59 |   119 |   296 |   510 |   651 ||  1710
